 Dungeon Sprint DCSS version 0.27-a0-1359-ga2a4dfd6fd (webtiles) character file.

Game seed: 8998875905159672530

30342 mhtbhm the Sorcerer (level 13, 0/72 HPs)
             Began as a Deep Elf Earth Elementalist on June 28, 2021.
             Was the Champion of Vehumet.
             Slain by an alligator snapping turtle (34 damage)
             ... in the Dungeon (Sprint VII: "The Pits").
             The game lasted 00:10:03 (3354 turns).

mhtbhm the Sorcerer (Deep Elf Earth Elementalist)   Turns: 3354, Time: 00:10:04

Health: 0/72       AC:  6    Str:  5    XL:     13   Next: 20%
Magic:  6/45       EV: 19    Int: 26    God:    Vehumet [******]
Gold:   41         SH:  0    Dex: 15    Spells: 35/65 levels left

rFire    . . .     SeeInvis +   l - +2 dire flail "Hell-Harrower" {flame, rC++}
rCold    + + .     Faith    .   (shield currently unavailable)
rNeg     . . .     Spirit   .   b - +2 robe {Will+}
rPois    .         Reflect  .   (no helmet)
rElec    .         Harm     .   o - +0 cloak
rCorr    .         Rampage  .   n - +0 pair of gloves
Will     ++...     NoTele   +   (no boots)
Stlth    +++.......             (no amulet)
HPRegen  0.22/turn              x - ring of see invisible
MPRegen  0.29/turn              k - +3 ring of evasion

@: studying Short Blades
A: no striking features
a: Renounce Religion


You were in the Dungeon.
You worshipped Vehumet.
Vehumet was exalted by your worship.
You visited 1 branch You collected 41 gold pieces.

Inventory:

Hand Weapons
 l - the +2 dire flail "Hell-Harrower" (weapon) {flame, rC++}
   (You found it in the Dungeon)

   It has been specially enchanted to burn those struck by it, causing extra
   injury to most foes and up to half again as much damage against particularly
   susceptible opponents.
   rC:        It greatly protects you from cold.
Missiles
 u - 8 atropa-tipped darts
 v - 42 stones
Armour
 b - a +2 robe of willpower (worn)
 n - a +0 pair of gloves (worn)
 o - a +0 cloak (worn)
Jewellery
 i - a +3 ring of dexterity
 k - a +3 ring of evasion (right hand)
 w - a ring of ice
 x - a ring of see invisible (left hand)
Scrolls
 h - 5 scrolls of blinking
 j - 5 scrolls of amnesia
 q - 2 scrolls of fog
 r - 6 scrolls of enchant weapon
 t - a scroll of identify
Potions
 a - 2 potions of invisibility
 c - 6 potions of curing
 d - 7 potions of heal wounds
 e - 6 potions of haste
 f - 2 potions of magic
 g - 3 potions of berserk rage
 m - a potion of brilliance
 p - a potion of might
 s - 3 potions of mutation
 z - 3 potions of lignification
 A - 2 potions of attraction


   Skills:
 - Level 4.7 Fighting
 + Level 2.1(3.5) Maces & Flails
 + Level 5.6(6.0) Staves
 + Level 8.2 Dodging
 - Level 5.6 Stealth
 + Level 26.9 Spellcasting
 + Level 2.1 Conjurations
 + Level 2.0 Transmutations
 * Level 5.4 Fire Magic
 + Level 22.9 Earth Magic


You had 35 spell levels left.
You knew the following spells:

 Your Spells              Type           Power      Damage    Failure   Level
a - Sandblast             Erth           100%       2d20      0%          1
b - Passwall              Tmut/Erth      65%        N/A       0%          2
c - Stone Arrow           Conj/Erth      100%       3d13      0%          3
d - Lee's Rapid Deconstr  Erth           50%        3d25*     0%          5
e - Petrify               Tmut/Erth      79%        N/A       1%          4
f - Orb of Destruction    Conj           23%        9d10      54%         7
g - Ignition              Fire           29%        3d9       78%         8

Your spell library contained the following spells:

 Spells                   Type           Power      Damage    Failure   Level
 Shatter                  Erth           50%        3d38*     1%          9
 Lehudib's Crystal Spear  Conj/Erth      39%        10d10     9%          8
 Fire Storm               Conj/Fire      26%        8d7       100%        9
 Summon Forest            Summ/Tloc      17%        N/A       22%         5
 Summon Mana Viper        Hex/Summ       34%        N/A       22%         5
 Shadow Creatures         Summ           N/A        N/A       77%         6
 Summon Hydra             Summ           17%        N/A       100%        7


Dungeon Overview and Level Annotations

Branches:
Dungeon (1/1)

Altars:
Ashenzari
Cheibriados
Dithmenos
Elyvilon
Fedhas
Gozag
Hepliaklqana
Kikubaaqudgha
Makhleb
Nemelex Xobeh
Okawaru
Qazlal
Ru
Sif Muna
Trog
Uskayaw
Vehumet
Wu Jian
Xom
Yredelemnul
Zin
The Shining One
Beogh
Jiyva
Lugonu


Message History

A deep troll comes into view.
An iron troll comes into view.
Unknown command.
Unknown command.
Casting: Lee's Rapid Deconstruction (safe; 0% risk of failure)
Confirm with . or Enter, or press ? or * to list all spells.
Aiming: Petrify (safe; 1% risk of failure)
Press: ? - help, Shift-Dir - straight line, f - alligator snapping turtle
Aim: an alligator snapping turtle (heavily wounded, chance to affect: 50%)
The alligator snapping turtle is moving more slowly.
The alligator snapping turtle bites you but does no damage.
Unknown command.
Casting: Petrify (safe; 1% risk of failure)
Confirm with . or Enter, or press ? or * to list all spells.
Aiming: Lee's Rapid Deconstruction (safe; 0% risk of failure)
Press: ? - help, Dir - move target, f/p - alligator snapping turtle Fragment what (e.g. wall or brittle monster)?: an alligator snapping turtle (heavily wounded, petrifying slowly)
An open door.
The alligator snapping turtle shatters!!!
The alligator snapping turtle is almost dead.
The alligator snapping turtle closely misses you.
Unknown command.
Casting: Lee's Rapid Deconstruction (safe; 0% risk of failure)
Confirm with . or Enter, or press ? or * to list all spells.
Aiming: Lee's Rapid Deconstruction (safe; 0% risk of failure)
Press: ? - help, Dir - move target, f/p - alligator snapping turtle Fragment what (e.g. wall or brittle monster)?: an alligator snapping turtle (almost dead, petrifying slowly)
An open door, spattered with blood.
Okay, then.
A water elemental comes into view.
Found a yellow draconian corpse.
Unknown command.
The alligator snapping turtle bites you from afar!!!
Ouch! That really hurt!
* * * LOW HITPOINT WARNING * * *
You hear a shout!
You hear an angry hiss.
Unknown command.
You feel much better.
The alligator snapping turtle bites you from afar!!
You die...

#..################..##..#....#..
#..# #)# #..##.......... #..# #:#
#..##.......... #..# #T#
#..####''####'' #..# #T#
##..####''####'' #..#
#t#E#..##......##..
#..#############t##..##.#÷##.##..
#................)...##.#))+.##..
#...............@....##.').#†##..
##########++###########.#..'.##..
##########++###########.+..#.##..
#................##..## ##+#.##..
#......#..#......##..# ..##..
#................''..# #####..
'................''..##########..
#......#..#......##.....†.)......
#..........).....##.........†††..


You could see 2 alligator snapping turtles and a water elemental.

Vanquished Creatures
  A sphinx (D)
  An emperor scorpion (D)
  A reaper (D)
  A yellow draconian (D)
  A dire elephant (D)
  Snorg (D)
  An ogre mage (D)
  Erica (D)
  A centaur warrior (D)
  An alligator snapping turtle (D)
  7 two-headed ogres (D)
  A spriggan berserker (D)
  A sun demon (D)
  A sixfirhy (D)
  2 deep trolls (D)
  An iron troll (D)
  A spriggan druid (D)
  A swamp dragon (D)
  A deep elf zephyrmancer (D)
  3 orc knights (D)
  2 lindwurms (D)
  A wolf spider (D)
  A deep elf pyromancer (D)
  An orc sorcerer (D)
  A merfolk siren (D)
  A manticore (D)
  2 gargoyles (D)
  2 cane toads (D)
  A hellwing (D)
  A red devil (D)
  2 jumping spiders (D)
  A polar bear (D)
  2 hornets (D)
  A snapping turtle (D)
  A small abomination (D)
  An air elemental (D)
  A redback (D)
  5 yaks (D)
  A fire bat (D)
  A wyvern (D)
  Eustachio (D)
  A ynoxinul (D)
  2 basilisks (D)
  2 chaos spawn (D)
  Purgy (D)
  7 orc warriors (D)
  A necrophage (D)
  An ogre (D)
  13 wolves (D)
  2 phantoms (D)
  2 centaurs (D)
  A kobold brigand (D)
  A bullfrog (D)
  A scorpion (D)
  4 wights (D)
  A crimson imp (D)
  A jelly (D)
  2 gnoll shamans (D)
  2 orc priests (D)
  An iron imp (D)
  An iguana (D)
  2 orc wizards (D)
  2 hell rats (D)
  10 gnolls (D)
  An adder (D)
  A white imp (D)
  8 orcs (D)
  2 endoplasms (D)
  A giant cockroach (D)
  2 goblins (D)
  A kobold (D)
  3 quokkas (D)
  A ball python (D)
  A frilled lizard (D)
141 creatures vanquished.

Vanquished Creatures (collateral kills)
  An iron imp (D)
  A gnoll (D)
2 creatures vanquished.

Grand Total: 143 creatures vanquished

Notes
Turn   | Place    | Note
-------+----------+-------------------------------------------
     0 | D        | mhtbhm the Deep Elf Earth Elementalist began the quest for
                  | the Orb.
     0 | D        | Reached XP level 1. HP: 10/10 MP: 6/6
    47 | D        | Found a bloodstained altar of Trog.
    47 | D        | Found a shimmering blue altar of Sif Muna.
    47 | D        | Found a viscous altar of Jiyva.
    47 | D        | Found a hazy altar of Hepliaklqana.
    47 | D        | Found an opulent altar of Gozag.
    48 | D        | Found a glowing golden altar of the Shining One.
    48 | D        | Found a glowing silver altar of Zin.
    48 | D        | Found a basalt altar of Yredelemnul.
    48 | D        | Found a shimmering altar of Xom.
    48 | D        | Found an ornate altar of the Wu Jian Council.
    48 | D        | Found a sacrificial altar of Ru.
    48 | D        | Found a stormy altar of Qazlal.
    48 | D        | Found an iron altar of Okawaru.
    48 | D        | Found a sparkling altar of Nemelex Xobeh.
    48 | D        | Found a burning altar of Makhleb.
    48 | D        | Found a blossoming altar of Fedhas.
    48 | D        | Found a white marble altar of Elyvilon.
    48 | D        | Found a shadowy altar of Dithmenos.
    48 | D        | Found a snail-covered altar of Cheibriados.
    50 | D        | Found a radiant altar of Vehumet.
    50 | D        | Found a corrupted altar of Lugonu.
    51 | D        | Found a hide-covered altar of Uskayaw.
    51 | D        | Found an ancient bone altar of Kikubaaqudgha.
    51 | D        | Found a broken altar of Ashenzari.
    60 | D        | Became a worshipper of Vehumet
   116 | D        | Reached * piety under Vehumet
   116 | D        | Offered knowledge of Shock by Vehumet.
   408 | D        | Reached skill level 4 in Spellcasting
   408 | D        | Reached skill level 5 in Earth Magic
   408 | D        | Reached XP level 2. HP: 15/15 MP: 5/9
   446 | D        | Learned a level 2 spell: Passwall
   552 | D        | Reached ** piety under Vehumet
   552 | D        | Offered knowledge of Freeze by Vehumet.
   556 | D        | Reached skill level 5 in Spellcasting
   556 | D        | Reached XP level 3. HP: 19/19 MP: 3/12
   564 | D        | Reached skill level 6 in Spellcasting
   569 | D        | Reached *** piety under Vehumet
   570 | D        | Reached XP level 4. HP: 19/24 MP: 2/14
   573 | D        | Reached skill level 7 in Spellcasting
   773 | D        | Offered knowledge of Searing Ray by Vehumet.
   775 | D        | Reached **** piety under Vehumet
   776 | D        | Noticed a kobold brigand
   778 | D        | Reached skill level 8 in Spellcasting
   780 | D        | Reached skill level 1 in Fighting
   785 | D        | Reached ***** piety under Vehumet
   786 | D        | Reached XP level 5. HP: 29/29 MP: 7/18
   792 | D        | Reached skill level 9 in Spellcasting
   798 | D        | Reached skill level 10 in Spellcasting
   809 | D        | Reached XP level 6. HP: 14/35 MP: 13/21
   815 | D        | Reached skill level 11 in Spellcasting
   949 | D        | Learned a level 3 spell: Stone Arrow
   955 | D        | Learned a level 5 spell: Lee's Rapid Deconstruction
   960 | D        | Learned a level 4 spell: Petrify
   970 | D        | Offered knowledge of Hailstorm by Vehumet.
  1036 | D        | Noticed a merfolk siren
  1037 | D        | Killed a merfolk siren
  1037 | D        | Reached ****** piety under Vehumet
  1038 | D        | Reached skill level 5 in Dodging
  1038 | D        | Reached skill level 13 in Spellcasting
  1038 | D        | Reached XP level 7. HP: 27/41 MP: 20/25
  1144 | D        | Reached skill level 14 in Spellcasting
  1193 | D        | Noticed a jumping spider
  1194 | D        | Offered knowledge of Freezing Cloud by Vehumet.
  1196 | D        | Noticed a fire bat
  1197 | D        | Killed a fire bat
  1197 | D        | Killed a jumping spider
  1198 | D        | Reached skill level 15 in Spellcasting
  1198 | D        | Reached XP level 8. HP: 48/48 MP: 22/29
  1287 | D        | Got the +2 dire flail "Hell-Harrower" {flame, rC++}
  1351 | D        | Noticed a jumping spider
  1351 | D        | Noticed an orc knight
  1355 | D        | Killed a jumping spider
  1355 | D        | Offered knowledge of Airstrike by Vehumet.
  1356 | D        | Reached skill level 5 in Staves
  1358 | D        | Reached skill level 16 in Spellcasting
  1358 | D        | Killed an orc knight
  1359 | D        | Reached XP level 9. HP: 52/52 MP: 14/31
  1589 | D        | Noticed Eustachio
  1590 | D        | Killed Eustachio
  1591 | D        | Reached skill level 17 in Spellcasting
  1592 | D        | Noticed a deep troll
  1593 | D        | Noticed a lindwurm
  1595 | D        | Noticed a polar bear
  1598 | D        | Killed a deep troll
  1599 | D        | Reached skill level 15 in Earth Magic
  1599 | D        | Killed a polar bear
  1599 | D        | Offered knowledge of Fulminant Prism by Vehumet.
  1599 | D        | Killed a lindwurm
  1600 | D        | Reached skill level 18 in Spellcasting
  1600 | D        | Reached XP level 10. HP: 58/58 MP: 15/34
  1695 | D        | Noticed a lindwurm
  1696 | D        | Noticed a two-headed ogre
  1699 | D        | Killed a lindwurm
  1700 | D        | Reached skill level 5 in Stealth
  1700 | D        | Reached skill level 19 in Spellcasting
  1701 | D        | Killed a two-headed ogre
  1813 | D        | Noticed an orc knight
  1813 | D        | Noticed an orc sorcerer
  1813 | D        | Noticed a gargoyle
  1816 | D        | Killed an orc sorcerer
  1817 | D        | Killed a gargoyle
  1819 | D        | Killed an orc knight
  1819 | D        | Offered knowledge of Bolt of Magma by Vehumet.
  1820 | D        | Reached skill level 20 in Spellcasting
  1844 | D        | Noticed a deep troll
  1878 | D        | Killed a deep troll
  2072 | D        | Noticed Erica
  2072 | D        | Noticed a wolf spider
  2072 | D        | Noticed a deep elf zephyrmancer
  2073 | D        | Noticed a deep elf pyromancer
  2074 | D        | Killed a deep elf pyromancer
  2074 | D        | Offered knowledge of Iron Shot by Vehumet.
  2075 | D        | Reached skill level 1 in Conjurations
  2075 | D        | Reached XP level 11. HP: 62/62 MP: 31/37
  2075 | D        | Noticed Purgy
  2081 | D        | Reached skill level 21 in Spellcasting
  2081 | D        | Killed a wolf spider
  2081 | D        | Killed Erica
  2085 | D        | Killed Purgy
  2087 | D        | Reached skill level 22 in Spellcasting
  2088 | D        | Killed a deep elf zephyrmancer
  2460 | D        | Noticed a two-headed ogre
  2462 | D        | Killed a two-headed ogre
  2504 | D        | Noticed a sun demon
  2505 | D        | Reached skill level 23 in Spellcasting
  2507 | D        | Killed a sun demon
  2507 | D        | Offered knowledge of Conjure Ball Lightning by Vehumet.
  2708 | D        | Noticed a two-headed ogre
  2709 | D        | Noticed a two-headed ogre
  2710 | D        | Noticed an ogre mage
  2711 | D        | Killed a two-headed ogre
  2711 | D        | Noticed a two-headed ogre
  2712 | D        | Killed a two-headed ogre
  2713 | D        | Reached XP level 12. HP: 67/67 MP: 31/41
  2713 | D        | Killed an ogre mage
  2714 | D        | Killed a two-headed ogre
  2715 | D        | Reached skill level 24 in Spellcasting
  2716 | D        | Noticed a two-headed ogre
  2717 | D        | Killed a two-headed ogre
  2717 | D        | Offered knowledge of Orb of Destruction by Vehumet.
  2718 | D        | Noticed a two-headed ogre
  2720 | D        | Killed a two-headed ogre
  2831 | D        | Learned a level 7 spell: Orb of Destruction
  2918 | D        | Noticed a sphinx
  2918 | D        | Noticed a reaper
  2918 | D        | Noticed a dire elephant
  2921 | D        | Killed a sphinx
  2921 | D        | Offered knowledge of Ignition by Vehumet.
  2921 | D        | Noticed an emperor scorpion
  2922 | D        | Reached skill level 25 in Spellcasting
  2926 | D        | Killed a dire elephant
  2931 | D        | Killed a reaper
  2932 | D        | Noticed an alligator snapping turtle
  2938 | D        | Killed an emperor scorpion
  2939 | D        | Reached skill level 26 in Spellcasting
  2960 | D        | Killed an alligator snapping turtle
  3118 | D        | Learned a level 8 spell: Ignition
  3168 | D        | Noticed a titan
  3270 | D        | Noticed an alligator snapping turtle
  3270 | D        | Noticed a yellow draconian
  3273 | D        | Reached skill level 1 in Fire Magic
  3274 | D        | Reached skill level 1 in Maces & Flails
  3276 | D        | Reached XP level 13. HP: 72/72 MP: 30/45
  3277 | D        | Killed Snorg
  3277 | D        | Offered knowledge of Lehudib's Crystal Spear by Vehumet.
  3277 | D        | Offered knowledge of Fire Storm by Vehumet.
  3277 | D        | Offered knowledge of Shatter by Vehumet.
  3282 | D        | Killed a yellow draconian
  3348 | D        | Identified the amulet "Wyth" {Spirit Contam rF+++ Regen+
                  | Int+2}
  3349 | D        | Reached skill level 5 in Fire Magic
  3354 | D        | Slain by an alligator snapping turtle

Illustrated notes

Levels and vault maps discovered:
D:        pitsprint [storerooms_1, entrance_room_1, metal_vault_4, armoury_1,
          mini_pit_1, grid_room_1, main_hall_1, silver_pit, the_coven_1,
          the_vestibule_1, steel_vault_2, golden_pit, hallway_of_sentries,
          crystal_vault_2, iron_vault_2, final_vault]

Skill      XL: |  1  2  3  4  5  6  7  8  9 10 11 12 13 |
---------------+----------------------------------------+-----
Stealth        | 3 4 5 |  5.6
Earth Magic    | 5 6 7 8 9 11 12 13 15 18 20 22 | 22.9
Spellcasting   | 4 5 6 8 10 13 15 16 18 20 23 26 | 26.9
Dodging        | 3 4 5 6 7 8 |  8.2
Fighting       | 1 2 3 4 |  4.7
Staves         | 3 4 5 |  5.6
Conjurations   | 1 2 |  2.1
Fire Magic     | 3 5 |  5.4
Maces & Flails | 1 2 |  2.1
Transmutations | 2 |  2.0

Action                   |  1- 3 |  4- 6 |  7- 9 | 10-12 | 13-15 || total
-------------------------+-------+-------+-------+-------+-------++-------
Melee: Trident           |     6 |     3 |       |       |       ||     9
       Quarterstaff      |       |    20 |       |       |       ||    20
       Dire flail        |       |       |       |     9 |       ||     9
 Cast: Sandblast         |    25 |    15 |       |     3 |       ||    43
       Lee's Rapid Decon |       |     3 |    18 |    80 |    10 ||   111
       Stone Arrow       |       |       |       |     5 |       ||     5
       Petrify           |       |       |       |     3 |     1 ||     4
  Use: Potion            |     2 |     4 |       |     6 |     1 ||    13
       Scroll            |       |     1 |       |       |       ||     1
 Stab: Petrified         |       |       |       |     5 |       ||     5
Armor: Robe              |     2 |     5 |     1 |    11 |     1 ||    20
Dodge: Dodged            |    17 |    13 |     1 |    33 |     1 ||    65

Table legend: (Time is in decaauts)
 A = Elapsed time spent in this place.
 B = Non-inter-level travel time spent in this place.
 C = Inter-level travel time spent in this place.
 D = Time resting spent in this place.
 E = Time spent auto-exploring this place.
 F = Levels seen in this place.
 G = Mean time per level.
                   A        B        C        D        E       F      G
               +--------+--------+--------+--------+--------+-----+--------+
         Total |   3367 |   3367 |      0 |   2119 |     84 |   1 | 3367.0 |
       Dungeon |   3367 |   3367 |      0 |   2119 |     84 |   1 | 3367.0 |
               +--------+--------+--------+--------+--------+-----+--------+

Top non-repeatable levels by time:
       D: 3367 daAuts
